 Dungeon Crawl Stone Soup version 0.16-a0-3553-gf2c86d1 (webtiles) character file.

404 Minkie the Ruffian (level 6, -6/47 HPs)
             Began as a Draconian Transmuter on Jan 10, 2015.
             Mangled by Sigmund
             ... wielding a +0 scythe
              (8 damage)
             ... on level 4 of the Dungeon.
             The game lasted 00:14:04 (4499 turns).

Minkie the Ruffian (Draconian Transmuter)           Turns: 4499, Time: 00:14:04

Health: -6/47      AC:  7    Str: 13    XL:     6   Next: 56%
Magic:  10/10      EV: 12    Int: 15    God:
Gold:   221        SH:  0    Dex: 11    Spells: 2 memorised, 4 levels left

rFire  x . .     SeeInvis .       - Unarmed
rCold  + . .     Clarity  .     (armour unavailable)
rNeg   . . .     SustAb   .     (no shield)
rPois  .         Gourm    .     (helmet restricted)
rElec  .         Spirit   .     (no cloak)
rCorr  .         Warding  .     q - +0 pair of gloves
rMut   .         Stasis   .     (no boots)
MR     .....                    (no amulet)
Stlth  +.........               p - ring of ice
                                k - ring of invisibility

@: not resistant to hostile enchantments, very unstealthy
A: unfitting armour, cold-blooded, AC +6
a: Evoke Invisibility


You were on level 4 of the Dungeon.
You were not hungry.

You visited 1 branch of the dungeon, and saw 4 of its levels.

You collected 221 gold pieces.

Inventory:

Missiles
 b - 24 arrows
 g - 23 bolts
Armour
 q - a +0 pair of gloves (worn)
Jewellery
 k - a ring of invisibility (left hand)
 p - a ring of ice (right hand)
Magical devices
 l - a wand of teleportation (4)
Scrolls
 e - 2 scrolls of blinking {unknown}
 f - a scroll of fog {unknown}
 h - a scroll of noise {unknown}
 n - a scroll of identify {unknown}
 o - a scroll of random uselessness {unknown}
Potions
 i - a potion of cancellation {unknown}
 j - a potion of haste {unknown}
 r - a potion of curing
 u - a potion of degeneration {unknown}
Books
 d - a book of Changes

   Spells                             Type                      Level
   a - Beastly Appendage              Transmutation                1
   b - Sticks to Snakes               Transmutation                2
   c - Spider Form                    Transmutation/Poison         3
   d - Ice Form                       Ice/Transmutation            4
   e - Blade Hands                    Transmutation                5
Comestibles
 a - 2 bread rations
 c - 3 fruits
 m - a meat ration
 s - 9 chunks of flesh
 t - a beef jerky


   Skills:
 - Level 1.1 Fighting
 - Level 1.7 Dodging
 + Level 5.5 Unarmed Combat
 - Level 2.0 Spellcasting
 + Level 5.1 Transmutations
 + Level 1.2 Ice Magic


You had 4 spell levels left.
You knew the following spells:

 Your Spells              Type           Power        Failure   Level  Hunger
a - Beastly Appendage     Trmt           ###...       2%          1    #......
b - Ice Form              Ice/Trmt       ###.....     67%         4    #####..


Dungeon Overview and Level Annotations

Branches:
Dungeon (4/15)
 Temple: D:4-7

Altars:
Ashenzari
Cheibriados
Dithmenos

Annotations:
D:3 aori's ghost, average HEWn
D:4 Sigmund


Innate Abilities, Weirdness & Mutations

Your plain brown scales are hard (AC +6).
Your body does not fit into most forms of armour.
Your cold-blooded metabolism reacts poorly to cold.


Message History

You barely miss something.
Your tail-slap misses something.
You miss something. Your headbutt misses something. Something hits you.
* * * LOW HITPOINT WARNING * * *
You closely miss something.
Your horns disappear.
You hit something. Something hits you.
* * * LOW HITPOINT WARNING * * *
You closely miss something.
You hear a zap.
The puff of flame hits you!
You miss something. You miss something. Something hits you but does no damage.
You miss something. Something barely misses you.
You hit something. You miss something. Something hits you!
* * * LOW HITPOINT WARNING * * *
Drink which item? (? for menu, Esc to quit)
Okay, then.
Something hits you!
You die...

#.# ###.......#'######.....##
#.# ##.#.#.#.......##.....+.
#.# #..............##.....##
#.######..#.#.#.......##.....##
#.....##..............##.......
#####.....#.#.#.........#.#####
#...................'..###.
#...................##..##.
#.........@######..........
##...#####(# #.####.####
#...#####{## #.# ..... #
#...##.....# #.#...... #
#....#.....## #(#.......
#..#.....#..# #(...._...
#.###...###.# ##(#.......
#..#.....#..# #(.#......
#..........####o.# .....


There were no monsters in sight!

Vanquished Creatures
  Duvessa (D:4)
  Dowan (D:4)
  A hound (D:4)
  2 orc priests
  A worker ant (D:4)
  Ijyb (D:2)
  10 adders
  2 worms
  5 giant geckos
  An ooze (D:1)
  6 orcs
  2 giant cockroaches (D:2)
  8 goblins
  7 hobgoblins
  A quokka (D:3)
  3 ball pythons
  6 bats
  A giant gecko skeleton (D:4)
  2 giant newts
  9 kobolds
  11 rats
81 creatures vanquished.

Notes
Turn   | Place    | Note
--------------------------------------------------------------
     0 | D:1      | Minkie, the Draconian Transmuter, began the quest for the Orb.
     0 | D:1      | Reached XP level 1. HP: 16/16 MP: 3/3
   272 | D:1      | Reached XP level 2. HP: 8/23 MP: 4/4
  1454 | D:2      | Reached XP level 3. HP: 3/28 MP: 4/6
  1457 | D:2      | HP: 1/28 [poisoned by an adder]
  1744 | D:2      | Found a shadowy altar of Dithmenos.
  1870 | D:2      | Reached skill level 4 in Unarmed Combat
  2115 | D:2      | Reached XP level 4. HP: 12/35 MP: 7/7
  2813 | D:2      | Found a snail-covered altar of Cheibriados.
  3036 | D:2      | Noticed Ijyb
  3047 | D:2      | Killed Ijyb
  3072 | D:2      | Reached XP level 5. HP: 32/40 MP: 7/9
  3594 | D:3      | Noticed aori's ghost (average HEWn)
  3876 | D:4      | Found a shattered altar of Ashenzari.
  3892 | D:4      | Noticed Duvessa
  3893 | D:4      | Noticed Dowan
  3910 | D:4      | Killed Duvessa
  3910 | D:4      | Reached skill level 5 in Unarmed Combat
  3910 | D:4      | Reached XP level 6. HP: 43/47 MP: 10/10
  3949 | D:4      | Killed Dowan
  4073 | D:4      | Learned a level 4 spell: Ice Form
  4094 | D:4      | Reached skill level 5 in Transmutations
  4163 | D:4      | Found a shattered altar of Ashenzari.
  4251 | D:4      | Reached skill level 1 in Ice Magic
  4449 | D:4      | Noticed Sigmund
  4498 | D:4      | HP: 1/47 [something (12)]
  4499 | D:4      | Mangled by Sigmund

Action                   |  1- 3 |  4- 6 || total
-------------------------+-------+-------++-------
Melee: Unarmed           |   195 |   209 ||   404
 Cast: Beastly Appendage |     3 |    11 ||    14
 Abil: Evoke Invisibilit |       |     1 ||     1
  Use: Potion            |     4 |       ||     4
 Stab: Invisible         |       |     1 ||     1
       Sleeping          |       |     1 ||     1
  Eat: Chunk             |     4 |     7 ||    11
       Beef jerky        |       |     1 ||     1
